 Dungeon Crawl Stone Soup version 0.26.1-2-gb8aa6d0cf2 (webtiles) character file.

Game seed: 11765790974657365167

1143 Groucho the Covert (level 8, -1/35 HPs)
             Began as a Spriggan Venom Mage on Mar 11, 2021.
             Was an Initiate of Hepliaklqana.
             Killed from afar by a white imp (7 damage)
             ... with a puff of frost
             ... on level 7 of the Dungeon.
             The game lasted 00:21:59 (14249 turns).

Groucho the Covert (Spriggan Venom Mage)           Turns: 14249, Time: 00:21:59

Health: -1/35      AC:  5    Str:  6    XL:     8   Next: 15%
Magic:  12/17      EV: 20    Int: 17    God:    Hepliaklqana [......]
Gold:   246        SH:  0    Dex: 16    Spells: 5/18 levels left

rFire    . . .     SeeInvis +   i - +3 dagger (venom)
rCold    . . .     Faith    .   (shield restricted)
rNeg     . . .     Spirit   .   k - +1 robe
rPois    .         Reflect  .   (helmet restricted)
rElec    .         Harm     .   A - +1 cloak
rCorr    .         Rampage  .   (gloves unavailable)
Will     +....                  (boots unavailable)
Stlth    ++++......             (no amulet)
HPRegen  0.11/turn              (no ring)
MPRegen  0.15/turn              (no ring)

@: very quick
A: very small, unfitting armour, reduced essence, see invisible, speed 3
a: Renounce Religion, Recall Ancestor, Ancestor Identity


You were on level 7 of the Dungeon.
You worshipped Hepliaklqana.
Hepliaklqana was noncommittal.
You visited 2 branches of the dungeon, and saw 8 of its levels.

You collected 246 gold pieces.

Inventory:

Hand Weapons
 c - a +0 dagger
 i - a +3 dagger of venom (weapon)
 z - a +0 shortbow
Missiles
 g - 7 boomerangs
 l - 58 arrows
 m - 196 stones
 q - 17 poisoned darts (quivered)
 u - 79 bolts
Armour
 k - a +1 robe (worn)
 A - a +1 cloak (worn)
Wands
 h - a wand of disintegration (12)
 B - a wand of digging (5)
Scrolls
 b - a scroll of enchant weapon
 d - 3 scrolls of teleportation
 e - 2 scrolls of identify
 f - 2 scrolls of enchant armour
 j - 2 scrolls of amnesia
 p - 4 scrolls of magic mapping
 t - a scroll of remove curse
 y - 2 scrolls of fog
Potions
 a - a potion of resistance {unknown}
 n - a potion of mutation {unknown}
 o - a potion of ambrosia {unknown}
 r - 3 potions of curing
 s - a potion of cancellation {unknown}
 v - 2 potions of magic {unknown}
 w - a potion of lignification {unknown}
 x - a potion of attraction {unknown}
 C - a potion of brilliance {unknown}


   Skills:
 + Level 2.1 Fighting
 + Level 2.6 Short Blades
 + Level 5.0 Dodging
 * Level 8.0 Stealth
 * Level 5.7 Spellcasting
 + Level 4.0 Transmutations
 + Level 2.2 Air Magic
 + Level 4.4 Poison Magic


You had 5 spell levels left.
You knew the following spells:

 Your Spells              Type           Power        Failure   Level
a - Sting                 Tmut/Pois      76%          2%          1
b - Poisonous Vapours     Pois/Air       32%          4%          2
c - Ignite Poison         Fire/Tmut/Pois 14%          12%         3
d - Mephitic Cloud        Conj/Pois/Air  12%          16%         3
e - Olgreb's Toxic Radia  Pois           19%          22%         4

Your spell library contained the following spells:

 Spells                   Type           Power        Failure   Level
 Corona                   Hex            4%           13%         1
 Ensorcelled Hibernation  Hex/Ice        8%           21%         2
 Confusing Touch          Hex            4%           36%         3
 Dazzling Flash           Conj/Hex       8%           36%         3
 Tukima's Dance           Hex            4%           36%         3


Dungeon Overview and Level Annotations

Branches:
Dungeon (7/15)             Temple (1/1) D:6

Altars:
Ashenzari
Dithmenos
Fedhas
Gozag
Hepliaklqana
Makhleb
Nemelex Xobeh
Okawaru
Qazlal
Ru
Trog
Uskayaw
Vehumet
Wu Jian
Xom
Yredelemnul
Zin
The Shining One

Annotations:
D:4 1 runed translucent door, Revguard's ghost, amateur GnGl


Innate Abilities, Weirdness & Mutations

You are very small and have problems with some larger weapons.
You are too small for most types of armour.
You have supernaturally acute eyesight. (SInv)
You cover ground extremely quickly.
Your life essence is reduced to manifest your ancestor. (-10% HP)


Message History

Unknown command.
Unknown command.
Your +3 dagger of venom begins to drip with poison!
i - a +3 dagger of venom (weapon)
You hit the white imp but do no damage.
The white imp is heavily wounded.
The white imp closely misses you.
You hit the white imp.
The white imp is almost dead.
The white imp gestures at you. The puff of frost hits you.
* * * LOW HITPOINT WARNING * * *
You completely miss the white imp.
The white imp is almost dead.
Unknown command.
You hit the white imp but do no damage.
The white imp is almost dead.
The white imp gestures at you. The puff of frost hits you!
You die...

8.....8 #.. #.....#
....... 8...8 .......
### ##>## ......
#.####### #.....
####.#.##.# .....##
##....#.#..#
...!..#####..####.#.##
####....((...(Z5@...#
........#########..##
###..#### #..# ....##
###..# ....# #....#
#......... ####.##.#
#..#####h. ......†.#
.... .######.# ##.#
#.......#


You could see a white imp and a killer bee zombie.

Vanquished Creatures
  An ogre (D:4)
  2 centaurs
  2 bullfrogs
  2 scorpions (D:6)
  4 howler monkeys
  Crazy Yiuf (D:5)
  An orc priest (D:3)
  A bullfrog skeleton (D:5)
  A centaur skeleton (D:4)
  2 hounds
  2 orc wizards
  An iguana (D:5)
  A hound zombie (D:5)
  2 hound skeletons
  9 adders
  2 ufetubi (D:6)
  2 oozes
  A worm (D:5)
  4 leopard geckos
  18 orcs
  3 giant cockroaches
  9 goblins
  13 hobgoblins
  12 jackals
  9 kobolds
  A quokka (D:3)
  3 ball pythons
  12 bats
  4 frilled lizards
  A quokka skeleton (D:5)
  5 rats
131 creatures vanquished.

Vanquished Creatures (others)
  A wizard (D:4)
  An ancestor (D:6)
2 creatures vanquished.

Grand Total: 133 creatures vanquished

Notes
Turn   | Place    | Note
-------+----------+-------------------------------------------
     0 | D:1      | Groucho the Spriggan Venom Mage began the quest for the
                  | Orb.
     0 | D:1      | Reached XP level 1. HP: 9/9 MP: 5/5
   376 | D:1      | Reached XP level 2. HP: 10/13 MP: 4/6
  1017 | D:1      | Reached skill level 4 in Stealth
  1746 | D:1      | Reached XP level 3. HP: 13/16 MP: 3/8
  2820 | D:1      | Learned a level 2 spell: Poisonous Vapours
  4156 | D:2      | Reached skill level 5 in Stealth
  4156 | D:2      | Reached XP level 4. HP: 13/21 MP: 5/10
  7952 | D:3      | Reached XP level 5. HP: 25/25 MP: 11/11
  8846 | D:3      | Found a sacrificial altar of Ru.
  9002 | D:3      | Reached skill level 1 in Fighting
  9002 | D:3      | Reached skill level 1 in Short Blades
  9002 | D:3      | Reached skill level 1 in Air Magic
 10130 | D:4      | Reached skill level 6 in Stealth
 10133 | D:4      | Reached XP level 6. HP: 29/30 MP: 9/13
 10369 | D:4      | Found a bloodstained altar of Trog.
 10370 | D:4      | Noticed a wizard
 10379 | D:4      | Killed a wizard
 10624 | D:4      | Found a runed translucent door.
 10665 | D:4      | Noticed Revguard's ghost (amateur GnGl)
 11004 | D:5      | Entered Level 5 of the Dungeon
 11389 | D:5      | Learned a level 3 spell: Ignite Poison
 11393 | D:5      | Learned a level 3 spell: Mephitic Cloud
 11398 | D:5      | Learned a level 4 spell: Olgreb's Toxic Radiance
 11452 | D:5      | Reached XP level 7. HP: 12/33 MP: 3/15
 11464 | D:5      | Reached skill level 7 in Stealth
 11653 | D:5      | Reached skill level 5 in Spellcasting
 12110 | D:5      | Found a sparkling altar of Nemelex Xobeh.
 12255 | D:5      | Found a runed translucent door.
 12256 | D:5      | Noticed Crazy Yiuf
 12356 | D:5      | Killed Crazy Yiuf
 12684 | D:6      | Found a staircase to the Ecumenical Temple.
 12693 | Temple   | Entered the Ecumenical Temple
 12977 | Temple   | Became a worshipper of Hepliaklqana the Forgotten
 13173 | D:6      | Found a glowing golden altar of the Shining One.
 13173 | D:6      | Found a hide-covered altar of Uskayaw.
 13174 | D:6      | Found a bloodstained altar of Trog.
 13174 | D:6      | Found an ornate altar of the Wu Jian Council.
 13207 | D:6      | Reached XP level 8. HP: 35/35 MP: 17/17
 14168 | D:7      | Reached skill level 5 in Dodging
 14245 | D:7      | Reached skill level 8 in Stealth
 14249 | D:7      | Killed from afar by a white imp

Illustrated notes

Levels and vault maps discovered:
D:1:      nzn_arrival_crosshair, layout_basic, minmay_split_cup_large
D:2:      layout_basic
D:3:      layout_loops_corners, nicolae_ru_awakened_eye
D:4:      layout_basic, ebering_ghost_reflecting_pool, trog_wizard
D:5:      layout_cave_pools, kennysheep_little_box, uniq_crazy_yiuf_cottage
D:6:      layout_basic, chequers_temple_overflow_statue_of_worship,
          minmay_temple_entry_waves
D:7:      layout_rooms, nicolae_overflow_hidden_temple, serial_glass,
          glass_columns_b, glass_columns_b, glass_columns_a, glass_columns_c,
          glass_columns_c, glass_columns_a
Temple:   oiseaux_autumnal_temple

Skill      XL: |  1  2  3  4  5  6  7  8 |
---------------+-------------------------+-----
Spellcasting   | 3 4 5 |  5.7
Stealth        | 4 5 6 7 8 |  8.0
Transmutations | 2 3 4 |  4.0
Fighting       | 1 2 |  2.1
Short Blades   | 1 2 |  2.6
Air Magic      | 1 2 |  2.2
Dodging        | 4 5 |  5.0
Poison Magic   | 4 |  4.4

Action                   |  1- 3 |  4- 6 |  7- 9 || total
-------------------------+-------+-------+-------++-------
Melee: Dagger            |    75 |    66 |    49 ||   190
       Unarmed           |     1 |       |       ||     1
 Fire: Hand crossbow     |       |    44 |       ||    44
       Shortbow          |       |       |    22 ||    22
 Cast: Sting             |    54 |    22 |     8 ||    84
       Poisonous Vapours |     3 |    32 |    12 ||    47
       Olgreb's Toxic Ra |       |       |     1 ||     1
Invok: Recall Ancestor   |       |       |     2 ||     2
       Ancestor Identity |       |       |     1 ||     1
Evoke: Wand              |       |     1 |       ||     1
  Use: Scroll            |       |     8 |       ||     8
       Potion            |       |       |     2 ||     2
 Stab: Sleeping          |     8 |    12 |     8 ||    28
       Distracted        |     1 |       |     1 ||     2
Armor: Robe              |    10 |    11 |     5 ||    26
Dodge: Dodged            |   100 |    77 |    67 ||   244
